 Dungeon Crawl Stone Soup version 0.30-a0-576-g89cddaab80 (webtiles) character file.

Game seed: 14896792317880363927

587 Crownlay the Nimble (level 7, -2/53 HPs)
             Began as a Gnoll Wanderer on Dec 30, 2022.
             Was an Initiate of Gozag.
             Slain by a scorpion (4 damage)
             ... on level 5 of the Dungeon.
             The game lasted 00:08:09 (4236 turns).

Crownlay the Nimble (Gnoll Wanderer)                Turns: 4236, Time: 00:08:10

Health: -2/53      AC:  6    Str:  9    XL:     7   Next: 38%
Magic:  3/3        EV: 15    Int: 12    God:    Gozag
Gold:   301        SH:  0    Dex: 15    Spells: 11/11 levels left

rFire   . . .      SeeInvis .    v - +6 trident of War {antimagic, rC- Will++}
rCold   x . .      Faith    .    (no shield)
rNeg    . . .      Spirit   .    b - +2 leather armour
rPois   .          Reflect  .    (no helmet)
rElec   .          Harm     .    r - +0 cloak
rCorr   .          Rampage  .    (no gloves)
Will    ++...                    (no boots)
Stlth   ++                       (no amulet)
HPRegen 0.28/turn                (no ring)
MPRegen 0.08/turn                (no ring)

@: lethally poisoned (-2 -> -16)
A: fangs 1, strong nose, distributed training
a: Renounce Religion, Potion Petition, Call Merchant, Bribe Branch


You were on level 5 of the Dungeon.
You worshipped Gozag.
Gozag was aware of your devotion.
You visited 1 branch of the dungeon, and saw 5 of its levels.

You collected 525 gold pieces.
You spent 215 gold pieces at shops.
You paid 9 gold pieces to Gozag.

Inventory:

Hand Weapons
 a - a +0 sling
 h - a +0 short sword
 v - the +6 trident of War (weapon) {antimagic, rC- Will++}
   (You found it on level 3 of the Dungeon)

   It reduces the magical energy of the wielder, and disrupts the spells and
   magical abilities of those it strikes.
   Natural abilities and divine invocations are not affected.
   rC:        It makes you vulnerable to cold.
   Will:      It greatly increases your willpower.
Missiles
 i - 6 boomerangs of dispersal (quivered)
Armour
 b - a +2 leather armour (worn)
 l - a +0 kite shield
 r - a +0 cloak (worn)
Jewellery
 j - a +4 ring of slaying
Scrolls
 c - 3 scrolls of teleportation
 f - a scroll of noise
 k - a scroll of enchant armour {unknown}
 n - a scroll of torment
 q - a scroll of blinking
 w - a scroll of poison {unknown}
 y - a scroll of immolation {unknown}
 B - a scroll of butterflies {unknown}
Potions
 d - 7 potions of curing
 e - 2 potions of heal wounds {unknown}
 g - 3 potions of magic {unknown}
 m - a potion of haste {unknown}
 o - a potion of cancellation {unknown}
 p - 2 potions of mutation
 s - a potion of might {unknown}
 t - 2 potions of flight {unknown}
 u - 2 potions of berserk rage
 x - a potion of attraction {unknown}
 z - a potion of invisibility {unknown}
 A - a potion of brilliance {unknown}
 C - 3 potions of ambrosia {unknown}


   Skills:
 + Level 3.7 Fighting
 + Level 2.5 Short Blades
 + Level 2.5 Long Blades
 + Level 2.5 Axes
 + Level 2.5 Maces & Flails
 + Level 2.5 Polearms
 + Level 2.5 Staves
 + Level 5.3 Ranged Weapons
 + Level 3.7 Throwing
 + Level 3.7 Armour
 + Level 8.9 Dodging
 + Level 2.5 Stealth
 + Level 2.5 Shields
 + Level 2.5 Unarmed Combat
 + Level 2.5 Spellcasting
 + Level 2.1 Conjurations
 + Level 2.1 Hexes
 + Level 2.1 Summonings
 + Level 2.1 Necromancy
 + Level 2.1 Translocations
 + Level 2.1 Transmutations
 + Level 2.1 Fire Magic
 + Level 2.1 Ice Magic
 + Level 2.1 Air Magic
 + Level 2.1 Earth Magic
 + Level 2.1 Poison Magic
 + Level 2.8 Invocations
 + Level 3.7 Evocations


You had 11 spell levels left.
You didn't know any spells.
Your spell library contained the following spells:

 Spells                   Type           Power      Damage    Failure   Level
 Necrotise                Necr           24%        1d5       14%         1
 Sting                    Tmut/Pois      24%        1d4       14%         1
 Poisonous Vapours        Pois/Air       12%        N/A       22%         2
 Vampiric Draining        Necr           6%         2d6       41%         3
 Olgreb's Toxic Radiance  Pois           6%         N/A       82%         4
 Agony                    Necr           6%         N/A       99%         5


Dungeon Overview and Level Annotations

Branches:
Dungeon (5/15)             Temple (0/1) D:4

Altars:
Ashenzari
Gozag
Kikubaaqudgha
Okawaru
The Shining One

Shops:
D:2 **


Innate Abilities, Weirdness & Mutations

You have very sharp teeth.
Your uncanny sense of smell can sniff out nearby items.
Your experience applies equally to all skills.


Message History

You hit the orc warrior but do no damage.
You bite the orc warrior, but do no damage.
The orc warrior is severely wounded.
The scorpion barely misses you.
The orc warrior hits you with a +0 short sword.
* * * LOW HITPOINT WARNING * * *
Reach: v) +6 trident of War {antimagic, rC- Will++}
Press: ? - help, Dir - move target, f/p - orc warrior
Aim: an orc warrior, wielding a +0 short sword and wearing a +0 plate armour (severely wounded, about 34% to evade the +6 trident of War)
You closely miss the orc warrior.
The orc warrior is severely wounded.
The scorpion stings you but does no damage.
Reach: v) +6 trident of War {antimagic, rC- Will++}
Press: ? - help, Dir - move target, f/p - orc warrior
Aim: an orc warrior, wielding a +0 short sword and wearing a +0 plate armour (severely wounded, about 34% to evade the +6 trident of War)
You hit the orc warrior but do no damage.
The orc warrior is severely wounded.
The scorpion closely misses you. The orc warrior closely misses you.
The scorpion closely misses you. The orc hits you with a +0 short sword.
* * * LOW HITPOINT WARNING * * *
Reach: v) +6 trident of War {antimagic, rC- Will++}
Press: ? - help, Dir - move target, f/p - orc warrior
Aim: an orc warrior, wielding a +0 short sword and wearing a +0 plate armour (severely wounded, about 34% to evade the +6 trident of War)
You closely miss the orc warrior.
The orc warrior is severely wounded.
The orc warrior hits you with a +0 short sword.
* * * LOW HITPOINT WARNING * * *
The scorpion misses you. The orc closely misses you.
Reach: v) +6 trident of War {antimagic, rC- Will++}
Press: ? - help, Dir - move target, f/p - orc warrior
Aim: an orc warrior, wielding a +0 short sword and wearing a +0 plate armour (severely wounded, about 34% to evade the +6 trident of War)
You hit the orc warrior.
The orc warrior is almost dead.
The scorpion stings you.
* * * LOW HITPOINT WARNING * * *
You are lethally poisoned!
The scorpion poisons you! The orc warrior barely misses you.
The orc misses you. The scorpion stings you.
You die...
Your body crumbles into a pile of gold.

#<.....#
#.#..(#..≈
#.#...#
#.#...#
.#.#.#...#
........##
#####.#$#
...#.## $
...#.#o@#
#._.#.#so#
#.. ∆#...
. #...# $
#...#
....#
....)
.....# $


You could see an orc warrior, a scorpion and an orc.

Vanquished Creatures
  Grinder (D:3)
  A black bear (D:4)
  A scorpion (D:5)
  3 hounds (D:4)
  4 adders
  4 worms
  3 dart slugs
  12 orcs
  7 ball pythons
  8 endoplasms
  3 giant cockroaches
  9 goblins
  8 hobgoblins
  7 jackals
  8 kobolds
  2 quokkas
  2 bats (D:2)
  2 frilled lizards
  3 bushes (D:2)
88 creatures vanquished.

Vanquished Creatures (others)
  5 fungi (D:3)
  2 plants
7 creatures vanquished.

Grand Total: 95 creatures vanquished

Notes
Turn   | Place    | Note
-------+----------+-------------------------------------------
     0 | D:1      | Crownlay the Gnoll Wanderer began the quest for the Orb.
     0 | D:1      | Crownlay set off with the following items: a +0 sling, a +2
                  | leather armour, a scroll of teleportation, a potion of
                  | curing.
     0 | D:1      | Reached XP level 1. HP: 17/17 MP: 1/1
    86 | D:1      | Reached XP level 2. HP: 21/23 MP: 2/2
   774 | D:2      | Reached XP level 3. HP: 28/28 MP: 3/3
   885 | D:2      | Reached skill level 1 in Invocations
  1026 | D:2      | Found Livim's Assorted Antiques.
  1034 | D:2      | Bought a scroll labelled UNESYLUE POAM for 24 gold pieces
  1143 | D:2      | Found an opulent altar of Gozag.
  1222 | D:2      | Became a worshipper of Gozag Ym Sagoz the Greedy
  1453 | D:2      | Found Pulonec's Assorted Antiques.
  2687 | D:3      | Identified the +6 trident of War {antimagic, rC- Will++}
  2723 | D:3      | Reached skill level 1 in Short Blades
  2723 | D:3      | Reached skill level 1 in Long Blades
  2723 | D:3      | Reached skill level 1 in Axes
  2723 | D:3      | Reached skill level 1 in Maces & Flails
  2723 | D:3      | Reached skill level 1 in Polearms
  2723 | D:3      | Reached skill level 1 in Staves
  2723 | D:3      | Reached skill level 1 in Stealth
  2723 | D:3      | Reached skill level 1 in Shields
  2723 | D:3      | Reached skill level 1 in Unarmed Combat
  2723 | D:3      | Reached skill level 1 in Spellcasting
  2741 | D:3      | Reached XP level 4. HP: 34/34 MP: 1/5
  2763 | D:3      | Found an ancient bone altar of Kikubaaqudgha.
  2827 | D:3      | Noticed Grinder
  2859 | D:3      | Killed Grinder
  2860 | D:3      | Reached skill level 5 in Ranged Weapons
  2860 | D:3      | Reached skill level 1 in Conjurations
  2860 | D:3      | Reached skill level 1 in Hexes
  2860 | D:3      | Reached skill level 1 in Summonings
  2860 | D:3      | Reached skill level 1 in Necromancy
  2860 | D:3      | Reached skill level 1 in Translocations
  2860 | D:3      | Reached skill level 1 in Transmutations
  2860 | D:3      | Reached skill level 1 in Fire Magic
  2860 | D:3      | Reached skill level 1 in Ice Magic
  2860 | D:3      | Reached skill level 1 in Air Magic
  2860 | D:3      | Reached skill level 1 in Earth Magic
  2860 | D:3      | Reached skill level 1 in Poison Magic
  2860 | D:3      | Reached XP level 5. HP: 16/41 MP: 1/8
  2860 | D:3      | Reached XP level 6. HP: 19/47 MP: 1/9
  3030 | D:3      | Found a glowing golden altar of the Shining One.
  3047 | D:3      | You fall into a shaft and drop 1 floor!
  3073 | D:4      | Noticed a black bear
  3101 | D:4      | Killed a black bear
  3290 | D:3      | Found a faded altar of an unknown god.
  3638 | D:2      | Bought a ruby potion for 19 gold pieces
  3638 | D:2      | Bought a glowing blue potion for 19 gold pieces
  3638 | D:2      | Bought a scroll labelled LOZUZI TYIFE for 22 gold pieces
  3638 | D:2      | Bought a puce potion for 19 gold pieces
  3638 | D:2      | Bought a metallic amethyst potion for 19 gold pieces
  3738 | D:2      | Bought a scroll of identify for 48 gold pieces
  3738 | D:2      | Bought a scroll labelled DADUEQ CUATZ for 24 gold pieces
  3738 | D:2      | Bought a coppery potion for 21 gold pieces
  3804 | D:4      | Found a staircase to the Ecumenical Temple.
  3844 | D:4      | Found an iron altar of Okawaru.
  3889 | D:4      | Reached XP level 7. HP: 46/52 MP: 3/10
  4206 | D:5      | Entered Level 5 of the Dungeon
  4214 | D:5      | Found a broken altar of Ashenzari.
  4235 | D:5      | HP: 2/53 [orc warrior/+0 short sword (4)]
  4236 | D:5      | Slain by a scorpion

Illustrated notes

Levels and vault maps discovered:
D:1:      spicycebolla_arrival_transporter_tutorial, layout_basic
D:2:      layout_basic, basic_altar, serial_forest,
          infiniplex_forest_lined_room_3, infiniplex_forest_end_2,
          infiniplex_forest_zigzag_2, infiniplex_forest_corner_2,
          infiniplex_forest_join, infiniplex_forest_clump_long,
          infiniplex_forest_clump_medium, infiniplex_forest_clump_diagonal,
          serial_shops, nicolae_square_shop,
          nicolae_shop_temple_entry_statues_fountains
D:3:      cheibrodos_greedy_goblins, layout_basic, overflow_temple_1_default,
          lemuel_crystal_altar, shapermc_ecumenical_altar_ellora,
          grunt_ministairs_11, dreamdust_mushroom_princess, uniq_grinder
D:4:      layout_basic, okawaru_gym_becter, minmay_temple_entry_slanted,
          minmay_surrounded
D:5:      layout_basic, mainiacjoe_overflow_paths, general_overflow_altar,
          mainiacjoe_overflow_cross_hatched,
          mainiacjoe_overflow_surrounded_room, doesnt_xom_only_xom,
          gup_ossuary_entry_pyramid

Skill      XL: |  1  2  3  4  5  6  7 |
---------------+----------------------+-----
Invocations    | 1 2 |  2.8
Short Blades   | 1 2 |  2.5
Long Blades    | 1 2 |  2.5
Axes           | 1 2 |  2.5
Maces & Flails | 1 2 |  2.5
Polearms       | 1 2 |  2.5
Staves         | 1 2 |  2.5
Stealth        | 1 2 |  2.5
Shields        | 1 2 |  2.5
Unarmed Combat | 1 2 |  2.5
Spellcasting   | 1 2 |  2.5
Fighting       | 3 |  3.7
Ranged Weapons | 5 |  5.3
Throwing       | 3 |  3.7
Armour         | 3 |  3.7
Conjurations   | 1 2 |  2.1
Hexes          | 1 2 |  2.1
Summonings     | 1 2 |  2.1
Necromancy     | 1 2 |  2.1
Translocations | 1 2 |  2.1
Transmutations | 1 2 |  2.1
Fire Magic     | 1 2 |  2.1
Ice Magic      | 1 2 |  2.1
Air Magic      | 1 2 |  2.1
Earth Magic    | 1 2 |  2.1
Poison Magic   | 1 2 |  2.1
Evocations     | 3 |  3.7
Dodging        | |  8.9

Action                   |  1- 3 |  4- 6 |  7- 9 || total
-------------------------+-------+-------+-------++-------
Melee: Short sword       |   967 |       |       ||   967
       Bite              |   204 |     3 |     4 ||   211
       Punch             |    41 |       |       ||    41
       Trident           |     4 |   119 |    38 ||   161
 Fire: Sling             |   102 |       |       ||   102
  Use: Scroll            |       |     5 |       ||     5
 Stab: Sleeping          |       |     2 |     4 ||     6
Armor: Leather armour    |     7 |    31 |     6 ||    44
Dodge: Dodged            |    19 |    71 |    29 ||   119

Table legend: (Time is in decaauts)
 A = Elapsed time spent in this place.
 B = Non-inter-level travel time spent in this place.
 C = Inter-level travel time spent in this place.
 D = Time resting spent in this place.
 E = Time spent auto-exploring this place.
 F = Levels seen in this place.
 G = Mean time per level.
                   A        B        C        D        E       F      G
               +--------+--------+--------+--------+--------+-----+--------+
         Total |   4249 |   3897 |    352 |     39 |   2347 |   5 |  849.8 |
       Dungeon |   4249 |   3897 |    352 |     39 |   2347 |   5 |  849.8 |
               +--------+--------+--------+--------+--------+-----+--------+

Top non-repeatable levels by time:
     D:2: 2012 daAuts
     D:3: 797 daAuts
     D:1: 741 daAuts
     D:4: 664 daAuts
     D:5: 33 daAuts
